 Dungeon Crawl Stone Soup version 0.18.1-48-g4cf74bf (webtiles) character file.

1104 MajorAdolf the Skirmisher (level 8, -4/84 HPs)
             Began as a Troll Earth Elementalist on Sept 5, 2016.
             Slain by MajorAdolf's ghost (12 damage)
             ... on level 5 of the Dungeon.
             The game lasted 00:16:13 (4873 turns).

MajorAdolf the Skirmisher (TrEE)                    Turns: 4873, Time: 00:16:14

Health: -4/84      AC:  5    Str: 14 (17) XL:     8   Next: 11%
Magic:  8/8        EV:  9    Int: 10 (11) God:
Gold:   269        SH:  0    Dex:  9 (12) Spells: 2 memorised, 6 levels left

rFire  . . .     SeeInvis .     w - +4 quarterstaff (chaos)
rCold  . . .     Gourm    +     v - +0 robe (curse)
rNeg   . . .     Faith    .     (shield currently unavailable)
rPois  .         Spirit   .     (helmet restricted)
rElec  .         Dismiss  .     (no cloak)
rCorr  .         Reflect  .     (gloves unavailable)
SustAt .         Harm     .     (boots unavailable)
MR     .....                    (no amulet)
Stlth  +.........               (no ring)
                                (no ring)

@: not resistant to hostile enchantments, very unstealthy
A: unfitting armour, claws 3, fast metabolism 3, gourmand, regeneration 2,
shaggy fur 1, tough skin 2
a: no special abilities


You were on level 5 of the Dungeon.
You were very full.

You visited 1 branch of the dungeon, and saw 5 of its levels.

You collected 269 gold pieces.

Inventory:

Hand Weapons
 w - a +4 quarterstaff of chaos (weapon)
Armour
 v - a cursed +0 robe (worn)
 x - a +0 cloak
Wands
 q - a wand of iceblast (2/15)
 t - a wand of slowing (26/48)
Scrolls
 a - 2 scrolls of amnesia
 e - 6 scrolls of identify
 h - 4 scrolls of blinking
 k - 2 scrolls of remove curse
 o - a scroll of recharging {unknown}
 r - a scroll of magic mapping
Potions
 b - 2 potions of brilliance
 m - a potion of might {unknown}
 n - a potion of agility {unknown}
 p - a potion of flight {unknown}
 u - a potion of haste {unknown}
 z - a potion of curing {unknown}
Books
 c - a book of Geomancy

   Spells                             Type                      Level
   a - Sandblast                      Earth                        1
   b - Passwall                       Transmutation/Earth          2
   c - Stone Arrow                    Conjuration/Earth            3
   d - Petrify                        Transmutation/Earth          4
   e - Lee's Rapid Deconstruction     Earth                        5
 j - Sif Muna's Guide on Scorching Transmigration
   (You found it on level 4 of the Dungeon)

   Spells                             Type                      Level
   a - Beastly Appendage              Transmutation                1
   b - Passwall                       Transmutation/Earth          2
   c - Inner Flame                    Hexes/Fire                   3
   d - Irradiate                      Conjuration/Transmutation    5
   e - Dragon Form                    Transmutation                7
Comestibles
 d - 4 bread rations
 f - 3 meat rations
 i - a slice of pizza
 s - 3 fruits


   Skills:
 + Level 6.9 Fighting
 - Level 1.5 Dodging
 - Level 1.1 Stealth
 - Level 1.2 Spellcasting
 - Level 3.2 Transmutations
 - Level 3.0 Earth Magic


You had 6 spell levels left.
You knew the following spells:

 Your Spells              Type           Power        Failure   Level  Hunger
a - Beastly Appendage     Trmt           #.....       10%         1    ##.....
b - Passwall              Trmt/Erth      #.........   17%         2    ###....


Dungeon Overview and Level Annotations

Branches:
Dungeon (5/15)
 Temple: D:4-7

Altars:
Cheibriados
Makhleb
Okawaru
Pakellas
Qazlal
Yredelemnul
Zin

Annotations:
D:5 MajorAdolf's ghost, novice DgSk


Innate Abilities, Weirdness & Mutations

You are too large for most types of armour.
You have claws for hands.
Your metabolism is lightning-fast.
You like to eat raw meat.
You heal very quickly.
You are covered in fur (AC +1).
You have very tough skin (AC +2).


Message History

* * * LOW HITPOINT WARNING * * *
Something hits you.
* * * LOW HITPOINT WARNING * * *
Something hits you but does no damage. Something hits you.
* * * LOW HITPOINT WARNING * * *
Your horns disappear.
Something hits you.
* * * LOW HITPOINT WARNING * * *
Something hits you!
* * * LOW HITPOINT WARNING * * *
Drink which item? (? for menu, Esc to quit)
It was a potion of degeneration.
There was something very wrong with that liquid.
You feel weakened.
You feel dopey.
You feel clumsy. Something completely misses you. x2
Drink which item? (? for menu, Esc to quit)
It was a potion of cure mutation.
It has a very clean taste.
Something hits you!
You die...

#...............
#..............#
...#.#####
#........#.#####
.........#
#####......#
...#####.# ###...##
#.# #...# #.####
#...###### #...Z###
#.........
##...@.######...#####.
#.###................
#.# #................
#.# #................
#.....######...#####.
#.#.### #.........
#.#. #...###.## #
#...###.# #....##.#


You could see a giant gecko skeleton.

Vanquished Creatures
  Sigmund (D:2)
  Duvessa (D:5)
  2 ice beasts (D:5)
  An ogre (D:5)
  Dowan (D:5)
  A scorpion (D:5)
  The ghost of HEYYEYAAE the Chiller, a weakling DrIE (D:3)
  A crimson imp (D:5)
  Crazy Yiuf (D:2)
  An orc priest (D:3)
  Jessica (D:3)
  An iguana (D:5)
  Terence (D:3)
  2 worker ants (D:4)
  Robin (D:3)
  4 gnolls (D:4)
  7 adders
  A shadow imp (D:5)
  2 oozes
  An adder skeleton (D:5)
  A worm (D:3)
  3 dart slugs
  3 giant geckos
  3 orcs (D:3)
  3 giant cockroaches
  16 goblins
  7 hobgoblins
  3 jackals (D:1)
  7 kobolds
  2 quokkas
  6 bats
  A giant gecko skeleton (D:5)
  3 giant newts
  9 rats
99 creatures vanquished.

Notes
Turn   | Place    | Note
--------------------------------------------------------------
     0 | D:1      | MajorAdolf the Troll Earth Elementalist began the quest for the Orb.
     0 | D:1      | Reached XP level 1. HP: 16/16 MP: 1/1
   101 | D:1      | Reached skill level 1 in Fighting
   141 | D:1      | Reached XP level 2. HP: 27/27 MP: 2/2
   759 | D:1      | Reached skill level 2 in Fighting
   843 | D:1      | Reached XP level 3. HP: 35/35 MP: 3/3
   860 | D:1      | Learned a level 2 spell: Passwall
  1000 | D:2      | Noticed Sigmund
  1299 | D:3      | Noticed Robin
  1313 | D:3      | Killed Robin
  1346 | D:3      | Reached XP level 4. HP: 44/44 MP: 4/4
  1422 | D:3      | Noticed Terence
  1444 | D:3      | Killed Terence
  1444 | D:3      | Reached skill level 1 in Transmutations
  1775 | D:3      | Noticed Jessica
  1779 | D:3      | Reached XP level 5. HP: 50/50 MP: 5/5
  1786 | D:3      | Killed Jessica
  1915 | D:3      | Noticed HEYYEYAAE's ghost (weakling DrIE)
  1950 | D:3      | Killed HEYYEYAAE's ghost
  2921 | D:4      | Reached skill level 3 in Fighting
  2921 | D:4      | Reached XP level 6. HP: 19/61 MP: 6/6
  3007 | D:4      | HP: 1/61 [gnoll/spear (4)]
  3128 | D:4      | Found a snail-covered altar of Cheibriados.
  3176 | D:4      | Found an iron altar of Okawaru.
  3181 | D:4      | Identified Sif Muna's Guide on Scorching Transmigration
  3191 | D:4      | Learned a level 1 spell: Beastly Appendage
  3481 | D:4      | Found a stormy altar of Qazlal.
  3557 | D:5      | Entered Level 5 of the Dungeon
  3637 | D:5      | Noticed an ice beast
  3651 | D:5      | Killed an ice beast
  3651 | D:5      | Reached skill level 4 in Fighting
  3739 | D:5      | Found an oddly glowing altar of Pakellas.
  3740 | D:5      | Found a basalt altar of Yredelemnul.
  3740 | D:5      | Noticed Duvessa
  3740 | D:5      | Noticed Dowan
  3965 | D:2      | Killed Sigmund
  3965 | D:2      | Reached skill level 5 in Fighting
  3965 | D:2      | Reached XP level 7. HP: 61/72 MP: 7/7
  4077 | D:2      | Noticed Crazy Yiuf
  4099 | D:2      | Killed Crazy Yiuf
  4447 | D:5      | Killed Duvessa
  4450 | D:5      | Killed Dowan
  4467 | D:5      | Found a glowing silver altar of Zin.
  4467 | D:5      | Found a burning altar of Makhleb.
  4479 | D:5      | Reached skill level 6 in Fighting
  4635 | D:5      | Reached XP level 8. HP: 84/84 MP: 6/8
  4836 | D:5      | Noticed MajorAdolf's ghost (novice DgSk)
  4873 | D:5      | Slain by MajorAdolf's ghost

Skill      XL: |  1  2  3  4  5  6  7 |
---------------+----------------------+-----
Fighting       | 1 2 3 5 6 |  6.9
Earth Magic    | 3 |  3.0
Transmutations | 2 3 |  3.2
Dodging        | |  1.5
Stealth        | |  1.1
Spellcasting   | |  1.2

Action                   |  1- 3 |  4- 6 |  7- 9 || total
-------------------------+-------+-------+-------++-------
Melee: Unarmed           |   184 |   234 |     2 ||   420
       Headbutt          |       |     7 |     5 ||    12
       Kick              |       |     3 |     3 ||     6
       Quarterstaff      |       |       |    91 ||    91
 Cast: Sandblast         |       |     2 |       ||     2
       Beastly Appendage |       |     7 |     9 ||    16
  Use: Scroll            |       |     8 |       ||     8
       Potion            |       |       |     2 ||     2
 Stab: Sleeping          |       |     3 |     1 ||     4
       Confused          |       |       |     2 ||     2
  Eat: Chunk             |    17 |    17 |    17 ||    51
Armor: Robe              |   103 |    66 |    18 ||   187
Dodge: Dodged            |   141 |    98 |    59 ||   298
